AoeStats
← Tosti133

Arena

510274454Analyzed
4v4 RM · 1d ago on Sep 30, 2026· 43m 8s· 8 players
Game mode
Random Map
Map size
Large (8 player)
Population
200
Speed
Normal
Resources
Standard
Victory
Conquest
Starting age
Dark Age
Ending age
Imperial Age
RankedLock teamsTeams togetherTeam positionsShared explorationLock speedFull tech treeHidden civsTurbo modeCheats
Victory
Defeat
🇺🇸 Bohemians · United States
780
+15
🇦🇺 Spanish · Australia
669
+19
🇨🇱 Japanese · Chile
656
+20
🇩🇪 Goths · Germany
559
+23
🇺🇸 Khmer · United States
829
-23
🇩🇪 Sicilians · Germany
826
-23
🇮🇳 Gurjaras · India
775
-21
🇵🇱 Maya · Poland
515
-10
UnknownAxis0
12:13 Feudal Age
15:54 Castle Age
17:05 Double-Bit Axe
17:02 Horse Collar
23:39 Chemistry
24:38 Fletching
30:18 Heavy Plow
31:02 Wheelbarrow
31:23 Ballistics
31:02 Bodkin Arrow
31:07 Padded Archer Armor
34:37 Imperial Age
31:55 Loom
38:11 Pikeman
38:55 Bracer
39:10 Leather Archer Armor
39:07 Forging
38:57 Scale Mail Armor
41:59 Iron Casting
41:55 Ring Archer Armor
40:47 Halberdier
41:30 Squires
41:16 Arson
MachTerran
7:53 Loom
9:49 Loom
13:06 Feudal Age
13:57 Horse Collar
14:07 Double-Bit Axe
18:57 Castle Age
18:10 Fletching
18:20 Padded Archer Armor
19:54 Wheelbarrow
21:59 Bow Saw
21:51 Heavy Plow
23:54 Stone Mining
29:19 Stone Shaft Mining
28:35 Gold Mining
34:21 Husbandry
34:32 Bloodlines
35:14 Leather Archer Armor
34:54 Bodkin Arrow
35:31 Fervor
40:28 Imperial Age
38:54 Gold Mining
39:56 Ballistics
40:34 Elite Conquistador
40:59 Cavalier
43:48 Chemistry
43:36 Block Printing
44:00 Theocracy
43:29 Inquisition
43:36 Inquisition
Mapuche Mayer
10:13 Feudal Age
14:10 Castle Age
11:58 Double-Bit Axe
12:17 Horse Collar
19:29 Loom
25:20 Pikeman
26:00 Squires
25:46 Arson
29:20 Wheelbarrow
28:31 Town Watch
28:48 Heavy Plow
29:22 Yasama
29:20 Gold Mining
29:22 Stone Mining
33:10 Imperial Age
31:33 Forging
32:10 Bow Saw
32:55 Iron Casting
32:20 Scale Mail Armor
32:29 Fletching
33:18 Capped Ram
33:22 Halberdier
35:03 Blast Furnace
35:17 Chain Mail Armor
35:36 Conscription
35:17 Yasama
35:34 Hand Cart
37:21 Kataparuto
37:01 Bodkin Arrow
38:50 Two-Man Saw
38:01 Guard Tower
38:36 Ballistics
39:37 Chemistry
38:22 Arrowslits
38:43 Siege Engineers
39:54 Gold Shaft Mining
39:53 Caravan
40:23 Coinage
40:56 Keep
41:10 Treadmill Crane
41:26 Murder Holes
41:43 Masonry
43:06 Bracer
43:39 Plate Mail Armor
tobhaeg
0:29 Loom
15:59 Feudal Age
20:18 Scale Mail Armor
20:28 Forging
22:38 Castle Age
26:29 Horse Collar
28:59 Anarchy
29:37 Double-Bit Axe
29:55 Heavy Plow
30:44 Squires
30:04 Pikeman
32:17 Wheelbarrow
39:46 Imperial Age
37:35 Hand Cart
37:33 Bow Saw
37:46 Chain Mail Armor
38:07 Iron Casting
41:09 Conscription
40:50 Perfusion
40:11 Elite Huskarl
41:56 Blast Furnace
41:15 Halberdier
AhMeskoozy
0:32 Loom
13:59 Feudal Age
17:42 Castle Age
22:06 Double-Bit Axe
26:34 Wheelbarrow
27:04 Bow Saw
29:15 Hand Cart
29:35 Bloodlines
29:27 Husbandry
30:24 Tusk Swords
36:31 Imperial Age
34:11 Scale Barding Armor
35:55 Chain Barding Armor
36:05 Ballistics
38:24 Double Crossbow
38:46 Conscription
37:47 Elite Ballista Elephant
39:06 Hoardings
43:18 Plate Barding Armor
Tosti133
18:31 Feudal Age
21:53 Wheelbarrow
24:12 Gold Mining
24:13 Stone Mining
30:20 Fletching
33:28 Forging
33:19 Scale Mail Armor
33:20 Padded Archer Armor
Highlander
0:42 Loom
10:52 Feudal Age
11:19 Double-Bit Axe
11:33 Stone Mining
11:31 Horse Collar
15:26 Gold Mining
16:37 Town Watch
19:08 Forging
18:59 Scale Mail Armor
26:20 Arson
33:26 Castle Age
vlelouch123
9:20 Loom
11:06 Feudal Age
12:01 Double-Bit Axe
11:58 Horse Collar
18:58 Castle Age
17:12 Stone Mining
27:53 Wheelbarrow
36:36 Imperial Age
Connection lost

Rejoining the realm…

Still unreachable

The connection could not be restored.

Session expired

The server has moved on; the page needs a fresh start.